 Dungeon Crawl Stone Soup version 0.24.0-1-gfbc8707122 (webtiles) character file.

Game seed: 7398375417399504199, levelgen mode: deterministic

95 stripedtigrrr the Chopper (level 4, -3/41 HPs)
             Began as a Minotaur Berserker on Oct 27, 2019.
             Was a Believer of Trog.
             Slain by a gnoll
             ... wielding a +1 dagger of chaos
              (10 damage)
             ... on level 2 of the Dungeon.
             The game lasted 00:08:27 (2151 turns).

stripedtigrrr the Chopper (Minotaur Berserker)      Turns: 2151, Time: 00:08:28

Health: -3/41      AC:  2    Str: 22    XL:     4   Next: 39%
Magic:  3/3        EV: 12    Int:  4    God:    Trog [**....]
Gold:   64         SH:  0    Dex: 10    Spells: 3/3 levels left

rFire    . . .     SeeInvis .   a - +0 hand axe
rCold    . . .     Gourm    .   (no shield)
rNeg     . . .     Faith    .   b - +0 animal skin
rPois    .         Spirit   .   (helmet restricted)
rElec    .         Reflect  .   (no cloak)
rCorr    .         Harm     .   (no gloves)
MR       .....                  (no boots)
Stlth    +.........             (no amulet)
HPRegen  0.13/turn              (no ring)
MPRegen  0.08/turn              (no ring)

@: lethally poisoned (-3 -> -22)
A: retaliatory headbutt, horns 2
a: Berserk, Trog's Hand, Renounce Religion


You were on level 2 of the Dungeon.
You worshipped Trog.
Trog was pleased with you.
You were hungry.

You visited 1 branch of the dungeon, and saw 2 of its levels.

You collected 64 gold pieces.

Inventory:

Hand Weapons
 a - a +0 hand axe (weapon)
Missiles
 d - 85 stones (quivered)
Armour
 b - a +0 animal skin (worn)
 j - a +0 cloak
Jewellery
 m - an uncursed amulet of harm {unknown}
Scrolls
 e - 2 scrolls of identify {unknown}
 f - a scroll of enchant weapon {unknown}
 h - a scroll of fog {unknown}
 i - a scroll of fear {unknown}
 l - 2 scrolls of remove curse {unknown}
 o - a scroll of teleportation {unknown}
Potions
 g - 3 potions of mutation {unknown}
 k - a potion of curing {unknown}
 n - a potion of heal wounds {unknown}
Comestibles
 c - 7 rations


   Skills:
 + Level 4.8 Fighting
 + Level 4.9 Axes
 + Level 2.7 Armour
 + Level 2.7 Dodging


You had 3 spell levels left.
You didn't know any spells.
Your spell library was empty.

Dungeon Overview and Level Annotations

Branches:
Dungeon (2/15)

Altars:
Xom


Innate Abilities, Weirdness & Mutations

You reflexively headbutt those who attack you in melee.
You have a pair of horns on your head.


Message History

The gnoll splashes around in the water.
You hit the gnoll but do no damage.
You headbutt the gnoll, but do no damage.
The gnoll is moderately wounded.
You barely miss the gnoll.
A kobold comes into view.
The gnoll hits you with a +1 dagger of chaos.
You are poisoned.
The gnoll hits you with a +0 club of chaos!
* * * LOW HITPOINT WARNING * * *
You are lethally poisoned!
You closely miss the gnoll.
The gnoll is moderately wounded.
You hit the gnoll.
* * * LOW HITPOINT WARNING * * *
You feel sick.
The gnoll hits you with a +1 dagger of chaos.
* * * LOW HITPOINT WARNING * * *
You are electrocuted!
You die...

.......# .r ≈#o
.......## ..≈≈.# ≈.
........# .##≈≈.#≈
........# .#≈....###
........#. .. #§.#
........#.≈g #o##.≈#.#
........#_.≈##⌠.#[§#.#
.....#..#)#.##..##.#[#
.....#..##≈≈.≈⌠≈@g≈#.#
........##.###.≈#g.#.#
######..## #≈#≈≈(##.#
#...###.%≈≈.###.#
#....##≈#.≈# ##.#
###...###### #..#
#........###.## #
##............# #
#...###########


You could see 3 gnolls and an orc.

Vanquished Creatures
  A gnoll (D:1)
  3 adders (D:2)
  2 leopard geckos (D:1)
  5 orcs (D:2)
  2 bats (D:2)
  2 giant cockroaches
  4 goblins (D:1)
  6 hobgoblins
  7 jackals (D:2)
  A ball python (D:1)
  7 frilled lizards
  6 kobolds
  4 rats (D:1)
50 creatures vanquished.

Notes
Turn   | Place    | Note
-------+----------+-------------------------------------------
     0 | D:1      | stripedtigrrr the Minotaur Berserker began the quest for
                  | the Orb.
     0 | D:1      | Reached XP level 1. HP: 19/19 MP: 0/0
   195 | D:1      | Reached XP level 2. HP: 10/27 MP: 1/1
   838 | D:1      | Reached XP level 3. HP: 33/33 MP: 2/2
   879 | D:1      | Reached ** piety under Trog
  1456 | D:2      | Reached XP level 4. HP: 41/41 MP: 3/3
  1942 | D:2      | Found a faded altar of an unknown god.
  2146 | D:2      | Found a shimmering altar of Xom.
  2151 | D:2      | Slain by a gnoll

Levels and vault maps discovered:
D:1:      dpeg_arrival_castle, layout_rooms, st_stairs_8, minmay_misc_feat_doors
D:2:      layout_rooms, chequers_ecumenical_altar_grove, first_ration, tgw_xom

Skill      XL: |  1 |
---------------+----+-----
Fighting       | 4 |  4.8
Axes           | 4 |  4.9
Armour         | |  2.7
Dodging        | |  2.7

Action                   |  1- 3 |  4- 6 || total
-------------------------+-------+-------++-------
Melee: Hand axe          |    70 |    36 ||   106
       Headbutt          |     9 |     8 ||    17
  Eat: Chunk             |     2 |     1 ||     3
Armor: Animal skin       |    22 |    14 ||    36
Dodge: Dodged            |    40 |    41 ||    81
